 Dungeon Crawl Stone Soup version 0.30-a0-1094-g860fb061e7 (webtiles) character file.

Game seed: 4299038245145621976

53157 drjones the Fighter (level 14, -2/119 (121) HPs)
             Began as a Merfolk Ice Elementalist on Apr 15, 2023.
             Was a High Priest of Sif Muna.
             Slain by a death yak simulacrum (16 damage)
             ... animated by a necromancer
             ... on level 5 of the Lair of Beasts on Apr 17, 2023.
             The game lasted 02:01:35 (25434 turns).

drjones the Fighter (Merfolk Ice Elementalist)     Turns: 25434, Time: 02:01:35

HP:   -2/119 (121)  AC: 23    Str: 10    XL:     14   Next: 67%
MP:   2/29          EV: 16    Int: 18    God:    Sif Muna [*****.]
Gold: 1285          SH:  0    Dex: 14    Spells: 8/35 levels left

rFire   . . .      SeeInvis +    a - +2 falchion (elec)
rCold   . . .      Faith    .    (no shield)
rNeg    . . .      Spirit   .    i - +2 robe {Will+}
rPois   .          Reflect  .    M - +1 helmet
rElec   .          Rampage  .    h - +2 cloak
rCorr   .                        D - +2 pair of gloves
Will    +++..                    w - +2 pair of boots
Stlth   +++                      (no amulet)
HPRegen 0.39/turn                v - ring of willpower
MPRegen 0.21/turn                A - ring of see invisible

@: ice-armoured, freezing walls, studying Fighting, lightly drained
A: (nimble swimmer 2), mertail
a: Renounce Religion, Channel Magic, Forget Spell, Divine Exegesis


You were on level 5 of the Lair of Beasts.
You worshipped Sif Muna.
Sif Muna was extremely pleased with you.
You visited 4 branches of the dungeon, and saw 21 of its levels.

You collected 1399 gold pieces.
You spent 114 gold pieces at shops.

Inventory:

Hand Weapons
 a - a +2 falchion of electrocution (weapon)
 k - a +2 spear of freezing
 C - a +1 flail of draining
 T - the +1 mace of Deuskaek {freeze, *Rage rElec Str+5 Int+3}
   (You found it on level 5 of the Lair of Beasts)

   Str:       It affects your strength (+5).
   Int:       It affects your intelligence (+3).
   rElec:     It insulates you from electricity.
   *Rage:     It berserks you when you make melee attacks (+20% chance).
 V - a +2 hand axe of venom
Missiles
 c - 77 poisoned darts
 y - 3 throwing nets
Armour
 h - a +2 cloak (worn)
 i - a +2 robe of willpower (worn)
 w - a +2 pair of boots (worn)
 D - a +2 pair of gloves (worn)
 M - a +1 helmet (worn)
Magical Staves
 b - a staff of earth
Jewellery
 v - a ring of willpower (left hand)
 A - a ring of see invisible (right hand)
 Q - a ring of flight
Wands
 d - a wand of roots (5)
 f - a wand of polymorph (11)
 j - a wand of flame (3)
 O - a wand of acid (20)
 P - a wand of digging (7)
 R - a wand of mindburst (6)
Scrolls
 g - 2 scrolls of poison {unknown}
 l - 12 scrolls of teleportation
 m - 5 scrolls of fog
 n - a scroll of butterflies
 s - 3 scrolls of brand weapon
 t - 6 scrolls of vulnerability
 E - 3 scrolls of immolation
 F - 2 scrolls of silence
 H - 3 scrolls of amnesia
 K - a scroll of magic mapping {unknown}
 L - 2 scrolls of blinking {unknown}
 N - a scroll of acquirement {unknown}
 U - 2 scrolls of identify
Potions
 e - a potion of invisibility {unknown}
 p - 2 potions of heal wounds {unknown}
 q - 3 potions of flight
 r - 2 potions of resistance
 u - 3 potions of cancellation
 x - 2 potions of mutation {unknown}
 z - a potion of might {unknown}
 B - 4 potions of brilliance {unknown}
 G - 2 potions of lignification {unknown}
 I - 3 potions of berserk rage {unknown}
Miscellaneous
 o - a condenser vane
 J - a phantom mirror
 S - a phial of floods


   Skills:
 + Level 14.4 Fighting
 - Level 3.9 Long Blades
 - Level 9.6 Dodging
 - Level 7.0 Stealth
 + Level 11.3 Spellcasting
 - Level 6.7 Conjurations
 - Level 5.9 Summonings
 + Level 12.2 Transmutations
 - Level 8.0 Ice Magic
 + Level 7.3 Earth Magic
 - Level 3.5 Invocations


You had 8 spell levels left.
You knew the following spells:

 Your Spells              Type           Power      Damage    Failure   Level
a - Stone Arrow           Conj/Erth      70%        3d11      1%          3
b - Frozen Ramparts       Ice            78%        1d12      1%          3
c - Ozocubu's Armour      Ice            39%        N/A       1%          3
d - Hailstorm             Conj/Ice       36%        3d9       1%          3
e - Summon Ice Beast      Ice/Summ       35%        N/A       4%          4
f - Statue Form           Tmut/Erth      30%        N/A       19%         6
h - Irradiate             Conj/Tmut      22%        3d19      4%          5

Your spell library contained the following spells:

 Spells                   Type           Power      Damage    Failure   Level
 Beastly Appendage        Tmut           100%       N/A       1%          1
 Freeze                   Ice            100%       1d10      1%          1
 Summon Small Mammal      Summ           100%       N/A       1%          1
 Wereblood                Tmut           52%        N/A       1%          2
 Call Canine Familiar     Summ           31%        N/A       1%          3
 Spider Form              Tmut/Pois      32%        N/A       1%          3
 Blade Hands              Tmut           26%        N/A       1%          5
 Animate Armour           Summ/Erth      68%        N/A       4%          4
 Dazzling Flash           Conj/Hex       44%        N/A       5%          3
 Summon Guardian Golem    Hex/Summ       20%        N/A       6%          3
 Apportation              Tloc           20%        N/A       7%          1
 Necrotise                Necr           40%        1d6       7%          1
 Lee's Rapid Deconstruct  Erth           18%        3d11*     10%         5
 Leda's Liquefaction      Hex/Erth       11%        N/A       16%         4
 Alistair's Intoxication  Tmut/Pois      21%        N/A       16%         5
 Yara's Violent Unravell  Hex/Tmut       16%        3d8       16%         5
 Portal Projectile        Hex/Tloc       20%        N/A       22%         3
 Tukima's Dance           Hex            10%        N/A       22%         3
 Metabolic Englaciation   Hex/Ice        12%        N/A       36%         5
 Dragon Form              Tmut           26%        N/A       36%         7
 Summon Forest            Summ/Tloc      10%        N/A       50%         5
 Anguish                  Hex/Necr       5%         N/A       56%         4
 Orb of Destruction       Conj           17%        9d7       98%         7
 Spellforged Servitor     Conj/Summ      16%        N/A       99%         7
 Polar Vortex             Ice            19%        N/A       100%        9


Dungeon Overview and Level Annotations

Branches:
Dungeon (13/15)            Temple (1/1) D:4            Lair (5/5) D:11
  Swamp (0/4) Lair:2        Snake (0/4) Lair:2        Slime (0/5) Lair:5
    Orc (2/2) D:12
    Elf: Orc:2       Vaults: D:13-14

Altars:
Ashenzari
Cheibriados
Dithmenos
Elyvilon
Fedhas
Gozag
Hepliaklqana
Kikubaaqudgha
Makhleb
Nemelex Xobeh
Okawaru
Qazlal
Ru
Sif Muna
Trog
Uskayaw
Vehumet
Wu Jian
Xom
Yredelemnul
Zin
The Shining One
Jiyva

Shops:
D:2 !   D:9 =   D:10 [   Orc:2 =

Annotations:
D:8 3 runed translucent doors, MrClown's ghost, novice DsNe
Lair:1 2 transporters, Arzdou's ghost, journeyman MiBe
Lair:2 1 exclusion


Innate Abilities, Weirdness & Mutations

((You are very nimble when in or above water. (Stealth+, EV+, Speed+++)))
Your lower body shifts to a powerful aquatic tail in water.


Message History

The wall freezes the death yak simulacrum but does no damage.
The death yak simulacrum gores you! The death yak simulacrum freezes you!!!
* * * LOW HITPOINT WARNING * * *
The wall freezes the necromancer!
Aiming: Stone Arrow (safe; 1% risk of failure)
Press: ? - help, Q - select action, (/) - cycle Shift-Dir - straight line, f - necromancer
Aim: a necromancer, wielding a +0 dagger and wearing a +0 robe (severely wounded, 64% to hit)
The stone arrow hits the death yak simulacrum.
The death yak simulacrum is moderately damaged.
The death yak simulacrum completely resists.
The wall freezes the death yak simulacrum but does no damage.
The death yak simulacrum closely misses you.
The wall freezes the necromancer.
The necromancer gestures wildly while chanting.
The necromancer binds the souls of nearby monsters.
Aiming: Stone Arrow (safe; 1% risk of failure)
Press: ? - help, Q - select action, (/) - cycle Shift-Dir - straight line, f/p - necromancer
Aim: a necromancer, wielding a +0 dagger and wearing a +0 robe (almost dead, 64% to hit)
The stone arrow hits the death yak simulacrum.
The death yak simulacrum is moderately damaged.
The wall freezes the necromancer!
You kill the necromancer!
Sif Muna accepts your kill.
The wall freezes the death yak simulacrum but does no damage.
The death yak simulacrum closely misses you.
You don't have enough magic to cast this spell.
You don't have enough magic to cast this spell.
Unknown command.
Unknown command.
You hit the death yak simulacrum.
Lightning courses through the death yak simulacrum!
The death yak simulacrum is severely damaged.
You hit the death yak simulacrum but do no damage.
The death yak simulacrum is severely damaged.
The death yak simulacrum completely resists.
The wall freezes the death yak simulacrum but does no damage.
The death yak simulacrum gores you!
* * * LOW HITPOINT WARNING * * *
The death yak simulacrum freezes you!
You die...

#P.P#♣.#...##..#
#.###..#...#....
##.##..#....#..#.
#..##..###.....#.
#.##♣.P##..##....
####.#
♣P.######..#.
+.P..# #♣.!.#
##...
+..######P.##
#...
#8P@Z).P#♣..#
#..#
#####..P#♣..#
##.. ..P##..# ##.
...##.P# ##.#
...##.## #.##
8?8#♣.# ###
#####.# #♣.# #..#


You could see a death yak simulacrum.

Vanquished Creatures
  Gastronok (Lair:3)
  A dire elephant (Lair:5)
  2 catoblepae (Lair:5)
  A hydra (Lair:4)
  4 two-headed ogres
  7 death yaks
  A spectral dire elephant (Lair:5)
  Nergalle (Lair:3)
  A skyshark (Lair:5)
  A spectral hydra (Lair:2)
  2 necromancers (Lair:5)
  An orc knight (D:12)
  A deep elf pyromancer (D:12)
  An ugly thing (D:11)
  An orc sorcerer (Orc:1)
  A salamander (Lair:2)
  2 manticores
  2 slime creatures (D:12)
  13 elephants
  2 dire elephant zombies (Lair:5)
  3 black mambas
  7 cane toads
  3 gargoyles
  2 kobold demonologists (D:12)
  A rime drake (Lair:3)
  9 komodo dragons
  2 polar bears
  4 trolls
  Prince Ribbit (Lair:3)
  3 hornets
  10 blink frogs
  2 spectral elephants (Lair:5)
  A vampire (D:10)
  4 wyverns
  2 shadows (D:12)
  37 yaks
  A dire elephant simulacrum (Lair:5)
  2 wraiths
  A basilisk (Lair:1)
  A steam dragon (Lair:1)
  4 vampire mosquitoes (D:12)
  Edmund (D:5)
  3 wargs
  6 spectral cane toads
  2 acid dragons
  11 water moccasins
  6 orc warriors
  A sky beast (D:6)
  2 ice beasts
  A black bear (D:6)
  3 ogres
  8 centaurs
  An elephant skeleton (Lair:5)
  7 phantoms
  12 wolves
  5 kobold brigands
  2 spectral water moccasins (Lair:2)
  12 bullfrogs
  6 scorpions
  2 gnoll sergeants
  A wyvern zombie (D:6)
  3 cane toad simulacra (Lair:5)
  4 water moccasin zombies (D:6)
  5 killer bees (D:10)
  3 howler monkeys (D:9)
  3 jellies
  2 lava snakes (Lair:2)
  A bullfrog zombie (D:6)
  A centaur zombie (D:6)
  5 hounds
  2 centaur skeletons (D:6)
  9 orc priests
  2 gnoll boudas
  11 orc wizards
  An iguana (D:7)
  30 gnolls
  2 howler monkey skeletons (D:6)
  9 adders
  A shadow imp (D:7)
  5 white imps
  3 worms
  3 dart slugs
  40 orcs
  6 endoplasms
  A giant cockroach (D:2)
  4 goblins
  11 hobgoblins
  4 jackals (D:2)
  5 quokkas
  4 ball pythons
  5 bats
  A frilled lizard (D:1)
  33 kobolds
  6 rats
463 creatures vanquished.

Vanquished Creatures (collateral kills)
  A boulder beetle (D:11)
  A cyclops (D:11)
  A black mamba (Lair:1)
  A polar bear (Lair:1)
  4 blink frogs
  5 slime creatures (D:12)
  A vampire (D:11)
  An orc warrior (D:11)
  A howler monkey (D:11)
  3 orcs
19 creatures vanquished.

Vanquished Creatures (others)
  28 fungi
  23 plants
  19 withered plants
70 creatures vanquished.

Grand Total: 552 creatures vanquished

Notes
Turn   | Place    | Note
-------+----------+-------------------------------------------
     0 | D:1      | drjones the Merfolk Ice Elementalist began the quest for
                  | the Orb.
     0 | D:1      | Reached XP level 1. HP: 13/13 MP: 3/3
   262 | D:1      | Reached XP level 2. HP: 19/19 MP: 5/5
   995 | D:2      | Reached XP level 3. HP: 24/24 MP: 6/6
  1050 | D:2      | Found a faded altar of an unknown god.
  1103 | D:2      | Reached skill level 5 in Ice Magic
  1107 | D:2      | Learned a level 3 spell: Frozen Ramparts
  1111 | D:2      | Learned a level 3 spell: Ozocubu's Armour
  1130 | D:2      | Found Musann's Distillery.
  1155 | D:2      | Bought a potion of curing for 30 gold pieces
  1155 | D:2      | Bought a potion of flight for 30 gold pieces
  1449 | D:2      | Reached XP level 4. HP: 22/30 MP: 8/8
  2689 | D:4      | Reached XP level 5. HP: 18/35 MP: 5/10
  2844 | D:4      | Found a staircase to the Ecumenical Temple.
  2863 | Temple   | Entered the Ecumenical Temple
  2961 | Temple   | Became a worshipper of Sif Muna the Loreminder
  3011 | D:4      | Found a shadowy altar of Dithmenos.
  3016 | D:4      | Noticed an ogre
  3030 | D:4      | Killed an ogre
  3125 | D:4      | Reached XP level 6. HP: 40/41 MP: 8/12
  3129 | D:4      | Learned a level 3 spell: Hailstorm
  3205 | D:4      | Found a shimmering altar of Xom.
  3249 | D:4      | Noticed a water moccasin
  3307 | D:4      | Killed a water moccasin
  3308 | D:4      | Reached skill level 1 in Conjurations
  3419 | D:4      | Found a blossoming altar of Fedhas.
  3557 | D:4      | Upgraded the game from 0.30-a0-1082-g70414cbcbb to
                  | 0.30-a0-1085-g990a428a5c
  3953 | D:5      | Entered Level 5 of the Dungeon
  3991 | D:5      | Reached XP level 7. HP: 46/46 MP: 6/14
  4179 | D:5      | Found a glowing golden altar of the Shining One.
  4190 | D:5      | Reached skill level 5 in Spellcasting
  4225 | D:5      | Reached * piety under Sif Muna
  4337 | D:5      | Noticed Edmund
  4359 | D:5      | Killed Edmund
  4360 | D:5      | Reached XP level 8. HP: 30/51 MP: 2/16
  4923 | D:5      | Found a burning altar of Makhleb.
  5580 | D:6      | Reached skill level 1 in Fighting
  5599 | D:6      | Reached skill level 1 in Summonings
  5784 | D:6      | Reached skill level 2 in Fighting
  5784 | D:6      | Reached XP level 9. HP: 45/61 MP: 16/18
  6051 | D:6      | Reached ** piety under Sif Muna
  6224 | D:6      | Noticed a manticore
  6334 | D:6      | Reached skill level 3 in Fighting
  6338 | D:6      | Reached skill level 5 in Dodging
  6536 | D:6      | Killed a manticore
  6670 | D:6      | Reached skill level 5 in Stealth
  6683 | D:6      | Reached skill level 4 in Fighting
  6902 | D:7      | Learned a level 4 spell: Summon Ice Beast
  6919 | D:7      | Reached XP level 10. HP: 71/71 MP: 17/20
  7070 | D:7      | Reached *** piety under Sif Muna
  7353 | D:7      | Reached skill level 5 in Conjurations
  7515 | D:7      | Found an ornate altar of the Wu Jian Council.
  8209 | D:8      | Learned a level 6 spell: Statue Form
  8438 | D:8      | Reached skill level 1 in Transmutations
  8447 | D:8      | Reached skill level 5 in Fighting
  8548 | D:8      | Found a runed translucent gate.
  8549 | D:8      | Found a runed translucent gate.
  8550 | D:8      | Found a runed translucent gate.
  8551 | D:8      | Noticed MrClown's ghost (novice DsNe)
  8552 | D:8      | Identified the +0 chain mail of the Volcano {rElec Str+2
                  | Dex+2}
  9282 | D:9      | Noticed a two-headed ogre
  9299 | D:9      | Killed a two-headed ogre
  9478 | D:9      | Found Vanomneibi's Jewellery Boutique.
  9517 | D:9      | Reached skill level 5 in Summonings
  9617 | D:9      | Noticed a two-headed ogre
  9631 | D:9      | Killed a two-headed ogre
  9632 | D:9      | Reached XP level 11. HP: 39/81 MP: 3/22
 10150 | D:9      | Reached skill level 6 in Fighting
 10302 | D:9      | Found a sacrificial altar of Ru.
 10311 | D:9      | Found a snail-covered altar of Cheibriados.
 10591 | D:10     | Entered Level 10 of the Dungeon
 10847 | D:10     | Found Ziaxipli's Armour Emporium.
 10850 | D:10     | Bought a +0 helmet for 54 gold pieces
 11036 | D:10     | Reached skill level 1 in Earth Magic
 11112 | D:10     | Reached **** piety under Sif Muna
 11198 | D:10     | Reached skill level 5 in Transmutations
 11371 | D:10     | Noticed a two-headed ogre
 11387 | D:10     | Killed a two-headed ogre
 11488 | D:10     | Reached skill level 1 in Long Blades
 11644 | D:11     | Reached skill level 1 in Invocations
 11772 | D:11     | Noticed a boulder beetle
 12059 | D:11     | Killed a boulder beetle
 12060 | D:11     | Reached skill level 7 in Fighting
 12403 | D:11     | Found a staircase to the Lair.
 12404 | D:11     | Noticed a cyclops
 12415 | D:11     | Killed a cyclops
 12485 | Lair:1   | Entered Level 1 of the Lair of Beasts
 12539 | D:11     | Noticed a two-headed ogre
 12547 | D:11     | Killed a two-headed ogre
 12686 | D:11     | Noticed a brown ugly thing
 12702 | D:11     | Killed a brown ugly thing
 12703 | D:11     | Reached XP level 12. HP: 73/92 MP: 12/24
 13078 | Lair:1   | Noticed a catoblepas
 13140 | Lair:1   | Reached skill level 8 in Fighting
 13887 | Lair:1   | Noticed Arzdou's ghost (journeyman MiBe)
 14049 | Lair:1   | Found a transporter.
 14056 | Lair:1   | Identified the amulet "Wugiffep" {Harm rF- rC+ Regen+ SInv}
 14397 | Lair:1   | Found a transporter.
 15021 | Lair:2   | Noticed a death yak
 15125 | D:12     | Reached skill level 9 in Fighting
 15286 | D:12     | Found a shimmering altar of Xom.
 15287 | D:12     | Found a shimmering altar of Xom.
 15287 | D:12     | Found a shimmering altar of Xom.
 15760 | D:12     | Reached ***** piety under Sif Muna
 15909 | D:12     | Found a staircase to the Orcish Mines.
 15952 | D:12     | Reached skill level 10 in Fighting
 16693 | Orc:1    | Entered Level 1 of the Orcish Mines
 17164 | Orc:2    | Entered Level 2 of the Orcish Mines
 17164 | Orc:2    | Found Huasesch's Jewellery Shoppe.
 17170 | Orc:2    | Noticed an ettin
 17179 | Orc:1    | Reached XP level 13. HP: 62/104 MP: 3/26
 17579 | Lair:2   | Reached skill level 11 in Fighting
 17651 | Lair:2   | Reached skill level 5 in Earth Magic
 18108 | Lair:2   | Received a gift from Sif Muna
 18109 | Lair:2   | Got Sif Muna's Secrets of Petrified Permutations {god gift}
 18284 | Lair:1   | Learned a level 3 spell: Stone Arrow
 18290 | Lair:1   | Learned a level 5 spell: Irradiate
 18533 | Lair:2   | Upgraded the game from 0.30-a0-1085-g990a428a5c to
                  | 0.30-a0-1094-g860fb061e7
 18567 | Lair:2   | Reached skill level 10 in Spellcasting
 19248 | Lair:2   | Found a staircase to the Swamp.
 19303 | Lair:2   | Found a staircase to the Snake Pit.
 19671 | Lair:3   | Reached skill level 12 in Fighting
 19679 | Lair:3   | Reached skill level 10 in Transmutations
 19803 | Lair:3   | Noticed Prince Ribbit
 19817 | Lair:3   | Killed Prince Ribbit
 19890 | Lair:3   | Noticed Gastronok
 19909 | Lair:3   | Killed Gastronok
 20100 | Lair:3   | Noticed Nergalle
 20111 | Lair:3   | Killed Nergalle
 21113 | Lair:3   | Reached skill level 13 in Fighting
 21113 | Lair:3   | Received a gift from Sif Muna
 21114 | Lair:3   | Reached XP level 14. HP: 118/118 MP: 18/28
 21126 | Lair:3   | Got Sif Muna's Secrets of Snowy Attendants {god gift}
 22816 | Lair:5   | Entered Level 5 of the Lair of Beasts
 23462 | Lair:5   | Found a viscous altar of Jiyva.
 23463 | Lair:5   | Found a staircase to the Slime Pits.
 23477 | Lair:5   | Got the Catalogue of Generative Execration
 23574 | Lair:5   | Noticed a dire elephant
 23574 | Lair:5   | Noticed a dire elephant
 24429 | Lair:5   | Noticed a dire elephant
 24442 | Lair:5   | Killed a dire elephant
 24443 | Lair:5   | Reached skill level 14 in Fighting
 25354 | Lair:5   | Identified the +1 mace of Deuskaek {freeze, *Rage rElec
                  | Str+5 Int+3}
 25434 | Lair:5   | Slain by a death yak simulacrum

Illustrated notes

Levels and vault maps discovered:
D:1:      arrival_zaba_pyramid, layout_basic, serial_rivers,
          chequers_serial_rivers_room_a, chequers_serial_rivers_micro_a,
          chequers_serial_rivers_small_a, chequers_serial_rivers_micro_e,
          chequers_serial_rivers_room_a
D:2:      layout_basic, basic_ecumenical_altar, serial_shops,
          nicolae_diamond_shop
D:3:      layout_basic
D:4:      layout_basic, old_standard_altar, fedhas_ov_isle_minmay,
          mainiacjoe_overflow_concentric_impassable, minmay_temple_entry_waves
D:5:      layout_basic, mainiacjoe_overflow_brackets,
          nicolae_overflow_hidden_temple, kennysheep_small_square, uniq_edmund
D:6:      minmay_clustersquares, layout_basic, serial_undead, serial_undead_d,
          serial_undead_e, serial_undead_c, serial_undead_d, serial_undead_a,
          serial_undead_b, grunt_ministairs_2, serial_bayou_crossing
D:7:      layout_loops_ring, mainiacjoe_overflow_catwalk
D:8:      layout_basic, biasface_ghost_orc_armoury, kennysheep_generic_room_14
D:9:      layout_roguey, mainiacjoe_overflow_large_starburst, serial_shops,
          shop, nrook_loot_triangle
D:10:     layout_basic, serial_shops, shop
D:11:     layout_long_grid, lair_entry_dummy
D:12:     layout_irregular_city, erik_orc_4, hangedman_decor_growths,
          minmay_misc_feat_plants, xom_redecorated
D:13:     minmay_nested_s, layout_gridville
Temple:   compressed_dpeg_circular_temple
Lair:1:   statuecave_lemuel, layout_chaotic_city, gammafunk_ghost_hive,
          nicolae_lair_grove_arrangements, chequers_serial_rivers_micro_e
Lair:2:   layout_hall_layers, nicolae_swamp_entry_spooky,
          nicolae_snake_entry_warm_welcome
Lair:3:   layout_chaotic_city, grunt_megastairs_4, uniq_nergalle,
          uniq_prince_ribbit2, uniq_gastronok
Lair:4:   layout_cave_pods, lemuel_fruit_tree
Lair:5:   due_jungle_book, layout_misc_corridors, slime_entry_1,
          grunt_megastairs_2
Orc:1:    layout_diamond_mine, statue_in_the_mist_lemuel, uniq_sonja
Orc:2:    grunt_orc_gardens, layout_diamond_mine, grunt_orc_garden,
          grunt_orc_garden, grunt_orc_garden, grunt_orc_garden,
          gammafunk_ghost_stat_death

Skill      XL: |  1  2  3  4  5  6  7  8  9 10 11 12 13 14 |
---------------+-------------------------------------------+-----
Ice Magic      | 5 6 7 8 |  8.0
Spellcasting   | 3 4 5 6 7 8 9 10 11 | 11.3
Conjurations   | 1 2 3 4 5 6 |  6.7
Dodging        | 4 5 7 9 |  9.6
Fighting       | 2 4 5 7 10 13 14 | 14.4
Summonings     | 1 3 5 |  5.9
Stealth        | 3 5 6 7 |  7.0
Transmutations | 3 6 8 10 12 | 12.2
Earth Magic    | 2 4 6 7 |  7.3
Long Blades    | 2 3 |  3.9
Invocations    | 2 3 |  3.5

Action                     |  1- 3 |  4- 6 |  7- 9 | 10-12 | 13-15 || total
---------------------------+-------+-------+-------+-------+-------++-------
  Melee: Mace              |   115 |    79 |   131 |       |       ||   325
         Punch             |       |     2 |     3 |    10 |     7 ||    22
         Falchion          |       |       |   168 |   498 |   363 ||  1029
         Hand axe          |       |       |       |    11 |       ||    11
         Spear             |       |       |       |    19 |       ||    19
         Tailslap          |       |       |       |     8 |       ||     8
  Throw: Dart              |       |       |       |       |    13 ||    13
   Cast: Freeze            |    21 |    34 |     9 |    18 |     1 ||    83
         Frozen Ramparts   |       |     7 |    28 |    69 |    56 ||   160
         Ozocubu's Armour  |       |     2 |    23 |    60 |    44 ||   129
         Hailstorm         |       |     1 |     4 |    16 |     3 ||    24
         Summon Ice Beast  |       |       |       |    30 |     2 ||    32
         Stone Arrow       |       |       |       |       |   192 ||   192
         Irradiate         |       |       |       |       |     6 ||     6
  Evoke: Wand              |       |       |       |     1 |     1 ||     2
         Phantom mirror    |       |       |       |       |     1 ||     1
    Use: Potion            |       |       |     2 |     9 |     4 ||    15
         Scroll            |       |       |       |    16 |     3 ||    19
   Stab: Sleeping          |     3 |     3 |       |     5 |     6 ||    17
 Armour: Robe              |    51 |    34 |   171 |   276 |   250 ||   782
  Dodge: Dodged            |   114 |    71 |   250 |   569 |   394 ||  1398

Table legend: (Time is in decaauts)
 A = Elapsed time spent in this place.
 B = Non-inter-level travel time spent in this place.
 C = Inter-level travel time spent in this place.
 D = Time resting spent in this place.
 E = Time spent auto-exploring this place.
 F = Levels seen in this place.
 G = Mean time per level.
                   A        B        C        D        E       F      G
               +--------+--------+--------+--------+--------+-----+--------+
         Total |  25697 |  24937 |    760 |   7328 |  11453 |  21 | 1223.7 |
       Dungeon |  15284 |  14795 |    489 |   2998 |   8124 |  13 | 1175.7 |
        Temple |    113 |     99 |     14 |      0 |     56 |   1 |  113.0 |
          Lair |   9942 |   9701 |    241 |   4146 |   3192 |   5 | 1988.4 |
  Orcish Mines |    357 |    341 |     16 |    184 |     81 |   2 |  178.5 |
               +--------+--------+--------+--------+--------+-----+--------+

Top non-repeatable levels by time:
  Lair:5: 2526 daAuts
  Lair:1: 2328 daAuts
    D:12: 2177 daAuts
  Lair:2: 2014 daAuts
  Lair:3: 1886 daAuts
     D:5: 1462 daAuts
     D:6: 1435 daAuts
     D:9: 1389 daAuts
     D:4: 1346 daAuts
    D:11: 1297 daAuts
     D:8: 1233 daAuts
  Lair:4: 1185 daAuts
     D:7: 1117 daAuts
    D:10: 1062 daAuts
     D:1: 1004 daAuts
